 Dungeon Sprint DCSS version 0.30.1-9-gdf580d7c3d (webtiles) character file.

Game seed: 8836928689966067983

963 Groucho the Fighter (level 8, -2/81 HPs)
             Began as a Naga Fighter on Oct 18, 2023.
             Was a Follower of Cheibriados.
             Slain by a gargoyle
             ... wielding a +0 mace
              (17 damage)
             ... in the Dungeon (Sprint IX: "|||||||||||||||||||||||||||||").
             The game lasted 00:01:55 (434 turns).

Groucho the Fighter (Naga Fighter)                   Turns: 434, Time: 00:01:56

Health: -2/81      AC: 11    Str: 24    XL:     8   Next: 15%
Magic:  9/12       EV:  7    Int: 15    God:    Cheibriados [*.....]
Gold:   0          SH:  6    Dex: 16    Spells: 7/7 levels left

rFire   . . .        m - +2 morningstar "Comm" {freeze, rN+}
rCold   . . .        c - +0 buckler
rNeg    + . .        l - +0 plate armour
rPois   +            a - +0 helmet
rElec   .            (no cloak)
rCorr   .            (no gloves)
SInv    +            (no barding)
Will    +....        (no amulet) Stlth
                     b - +3 ring of intelligence
HPRegen 0.33/turn    n - +3 ring of strength
MPRegen 0.13/turn

%: no teleportation
@: slowed, very slow
A: AC +2, large, see invisible, deformed body, poison resistance, slowness 2,
spit poison 1, naga tail 1
a: Spit Poison, Renounce Religion, Bend Time


You were in the Dungeon.
You worshipped Cheibriados.
Cheibriados was aware of your devotion.
You visited 1 branch

Inventory:

Hand Weapons
 m - the +2 morningstar "Comm" (weapon) {freeze, rN+}
   (You found it in the Dungeon)

   rN:        It protects you from negative energy.
Armour
 a - a +0 helmet (worn)
 c - a +0 buckler (worn)
 l - a +0 plate armour (worn)
Jewellery
 b - a +3 ring of intelligence (left hand)
 n - a +3 ring of strength (right hand)
Wands
 k - a wand of light (10)
Scrolls
 i - 2 scrolls of amnesia
 j - 2 scrolls of blinking
Potions
 d - a potion of might
 e - 2 potions of curing
 f - a potion of invisibility
 h - 4 potions of magic


   Skills:
 + Level 8.0 Fighting
 + Level 7.6 Maces & Flails
 + Level 6.6 Armour
 + Level 6.2 Dodging
 + Level 7.4 Shields
 + Level 5.5 Invocations


You had 7 spell levels left.
You didn't know any spells.
Your spell library was empty.

Dungeon Overview and Level Annotations

Branches:
Dungeon (1/1)

Altars:
Cheibriados
Dithmenos
Elyvilon
Fedhas
Gozag
Hepliaklqana
Kikubaaqudgha
Makhleb
Nemelex Xobeh
Okawaru
Qazlal
Ru
Sif Muna
Trog
Uskayaw
Vehumet
Wu Jian
Xom
Yredelemnul
Zin
The Shining One
Jiyva
Lugonu


Innate Abilities, Weirdness & Mutations

Your serpentine skin is tough. (AC +2)
You have supernaturally acute eyesight. (SInv)
Armour fits poorly on your strangely shaped body.
Your system is resistant to poisons. (rPois)
You cover ground very slowly.
You can spit poison.
You have a snake-like lower body.


Message History

The vampire hits you but does no damage.
The vampire bites you!
The vampire draws strength from your injuries!
Unknown command.
You hit the vampire.
The vampire is almost destroyed.
The gargoyle hurls a stone arrow at you.
The stone arrow hits the vampire!!
The vampire is destroyed!
Your Fighting skill increases to level 8!
You barely miss the gargoyle. You block the gargoyle's attack.
Unknown command.
You hit the gargoyle. You freeze the gargoyle.
The gargoyle is lightly damaged.
The gargoyle hits you with a +0 mace!
The gargoyle hurls a stone arrow at you.
The stone arrow hits you.
* * * LOW HITPOINT WARNING * * *
Unknown command.
You puncture the gargoyle! You freeze the gargoyle.
The gargoyle is heavily damaged.
The gargoyle hits you with a +0 mace.
* * * LOW HITPOINT WARNING * * *
You hit the gargoyle. You freeze the gargoyle.
The gargoyle is heavily damaged.
The gargoyle hurls a stone arrow at you.
The stone arrow hits you!
* * * LOW HITPOINT WARNING * * *
The gargoyle hurls a stone arrow at you.
You block the stone arrow.
Unknown command.
You feel better. The gargoyle hits you with a +0 mace!
* * * LOW HITPOINT WARNING * * *
The gargoyle hits you but does no damage.
You feel better.
The gargoyle hurls a stone arrow at you.
The stone arrow hits you!
* * * LOW HITPOINT WARNING * * *
You feel better. The gargoyle hits you with a +0 mace!
You die... ▓▓▓▓▓▓▓▓▓▓▓▓▓▓▓▓▓▓▓▓▓▓▓▓ _______'..)..[[.@9Oc.... ▓▓▓▓▓▓▓▓▓▓▓▓▓▓▓▓▓▓▓▓▓▓▓▓

You could see a two-headed ogre, a gargoyle and a centaur.

Vanquished Creatures
  A two-headed ogre (D)
  A wraith (D)
  3 scorpions (D)
  2 adders (D)
  A dart slug (D)
  2 hobgoblins (D)
  2 bats (D)
12 creatures vanquished.

Vanquished Creatures (others)
  A vampire (D)
1 creature vanquished.

Grand Total: 13 creatures vanquished

Notes
Turn   | Place    | Note
-------+----------+-------------------------------------------
     0 | D        | Groucho the Naga Fighter began the quest for the Orb.
     0 | D        | Reached XP level 1. HP: 21/21 MP: 1/1
    16 | D        | Reached skill level 1 in Dodging
    17 | D        | Reached XP level 2. HP: 28/28 MP: 2/2
    22 | D        | Noticed a scorpion
    22 | D        | Noticed a scorpion
    22 | D        | Noticed a scorpion
    44 | D        | Killed a scorpion
    45 | D        | Reached skill level 4 in Fighting
    45 | D        | Reached XP level 3. HP: 37/37 MP: 3/3
    45 | D        | Reached XP level 4. HP: 45/45 MP: 4/4
    55 | D        | Killed a scorpion
    56 | D        | Reached skill level 5 in Fighting
    56 | D        | Reached XP level 5. HP: 41/52 MP: 5/5
    66 | D        | Reached skill level 5 in Maces & Flails
    66 | D        | Reached skill level 5 in Shields
   334 | D        | Found a snail-covered altar of Cheibriados.
   334 | D        | Found a shadowy altar of Dithmenos.
   334 | D        | Found a white marble altar of Elyvilon.
   334 | D        | Found a blossoming altar of Fedhas.
   334 | D        | Found an opulent altar of Gozag.
   335 | D        | Found a hazy altar of Hepliaklqana.
   336 | D        | Found a viscous altar of Jiyva.
   337 | D        | Found an ancient bone altar of Kikubaaqudgha.
   338 | D        | Became a worshipper of Cheibriados the Contemplative
   339 | D        | Found a corrupted altar of Lugonu.
   340 | D        | Found a burning altar of Makhleb.
   341 | D        | Found a sparkling altar of Nemelex Xobeh.
   342 | D        | Found an iron altar of Okawaru.
   343 | D        | Found a stormy altar of Qazlal.
   344 | D        | Found a sacrificial altar of Ru.
   345 | D        | Found a shimmering blue altar of Sif Muna.
   346 | D        | Found a bloodstained altar of Trog.
   347 | D        | Found a hide-covered altar of Uskayaw.
   348 | D        | Found a radiant altar of Vehumet.
   349 | D        | Found an ornate altar of the Wu Jian Council.
   350 | D        | Found a shimmering altar of Xom.
   351 | D        | Found a basalt altar of Yredelemnul.
   352 | D        | Found a glowing silver altar of Zin.
   353 | D        | Found a glowing golden altar of the Shining One.
   374 | D        | Got the +2 morningstar "Comm" {freeze, rN+}
   407 | D        | Noticed a two-headed ogre
   407 | D        | Noticed a wraith
   407 | D        | Noticed a vampire
   407 | D        | Noticed a gargoyle
   407 | D        | Noticed a two-headed ogre
   407 | D        | Noticed a centaur
   413 | D        | Killed a two-headed ogre
   414 | D        | Reached skill level 7 in Fighting
   414 | D        | Reached skill level 5 in Dodging
   414 | D        | Reached skill level 5 in Invocations
   414 | D        | Reached XP level 6. HP: 22/67 MP: 5/9
   414 | D        | Reached XP level 7. HP: 24/73 MP: 5/10
   424 | D        | Killed a wraith
   424 | D        | Reached * piety under Cheibriados
   425 | D        | Reached XP level 8. HP: 46/81 MP: 7/12
   427 | D        | Killed a vampire
   428 | D        | Reached skill level 8 in Fighting
   433 | D        | HP: 3/81 [gargoyle/stone arrow (15)]
   434 | D        | Slain by a gargoyle

Illustrated notes

Levels and vault maps discovered:
D:        linesprint [early_d, line_temple, items_1, d_10, items_2, lair_1,
          lair_end, items_3, orc_1, orc_end, items_4, d_15, swamp_1, shoals_1,
          snake_1, spider_1, d_20, vaults_1, items_5, swamp_end, shoals_end,
          snake_end, spider_end, vaults_end, d_27, items_6, zot_1, zot_end,
          crypt_end, forest_end, elf_end, slime_end, tomb_end, abyss_end,
          pan_hell_end]

Skill      XL: |  1  2  3  4  5  6  7  8 |
---------------+-------------------------+-----
Dodging        | 1 2 3 5 6 |  6.2
Shields        | 3 4 7 |  7.4
Armour         | 3 4 6 |  6.6
Fighting       | 4 5 7 8 |  8.0
Maces & Flails | 4 7 |  7.6
Invocations    | 5 |  5.5

Action                     |  1- 3 |  4- 6 |  7- 9 || total
---------------------------+-------+-------+-------++-------
  Melee: Flail             |    31 |    21 |       ||    52
         Morningstar       |       |     5 |    17 ||    22
    Use: Potion            |     3 |     1 |     4 ||     8
 Armour: Scale mail        |    19 |     6 |       ||    25
         Plate armour      |       |       |     7 ||     7
  Dodge: Dodged            |    11 |     7 |     6 ||    24
  Block: Buckler           |    10 |     5 |     7 ||    22
